cohdb
Replays
Latest Replays
All Replays
Popular Replays
Top Player Replays
Match Explorer
How It Works
Community
CoH3 Stats
Reddit
Sign in to upload your games and track your stats! →
Sign in with Steam
Match 43658079
Unlisted
Match 43658079
Overview
Messages
Build Orders
End
Vickers Machine Gun Team
Selects Canadian Shock Battlegroup
Construct Section Command Post
Infantry Section
Dingo Light Scout Car
Selects Attacking Spirit
Selects Canadian Shock Section
ML 3-inch Mortar Team
Royal Engineer Section
Canadian Shock Section
Construct Platoon Command Post
Selects Incendiary Munitions
Canadian Shock Section
Construct Company Command Post
Selects Pyrotechnics
Matilda II Heavy Tank
Construct Field Infirmary
Matilda II Heavy Tank
Selects Churchill Crocodile Heavy Tank
Churchill Crocodile Heavy Tank
Instinct18
SirBigBalls™
rdk
MuniekPL
Husar
lamasroman580
0
0
Comments
sign in to comment!
No comments posted yet!